 Dungeon Crawl Stone Soup version 0.23.0 (webtiles) character file.

Game seed: 6122118745332165550

137766 Kairos the Severer (level 17, -17/93 HPs)
             Began as a Vine Stalker Fighter on Feb 12, 2019.
             Was the Champion of Okawaru.
             Killed from afar by a shock serpent (19 damage)
             ... with an electric aura
             ... on level 4 of the Snake Pit on Feb 13, 2019.
             The game lasted 01:16:09 (22159 turns).

Kairos the Severer (Vine Stalker Fighter)          Turns: 22159, Time: 01:16:10

Health: -17/93     AC: 30    Str: 24    XL:     17   Next: 24%
Magic:  0/24       EV: 18    Int:  8    God:    Okawaru [******]
Gold:   28         SH: 22    Dex: 19    Spells: 16/16 levels left

rFire    + + +     SeeInvis .   B - +5 broad axe "Patyqube" {speed, Dex+3}
rCold    + . .     Gourm    .   W - +0 large shield
rNeg     . . .     Faith    +   h - +8 chain mail of the Elephant {rF++ Str-3 Stlth+}
rPois    +         Spirit   +   K - +2 hat {MR+}
rElec    .         Reflect  .   g - scarf {rC+ rF+}
rCorr    .         Harm     .   r - +2 pair of gloves {Str+3}
MR       +++..                  J - +2 pair of boots of the Assassin {Detection Stab+ Stlth++}
Stlth    ++++++....             l - amulet of faith
HPRegen  1.05/turn              p - +5 ring of evasion
MPRegen  0.19/turn              c - ring of poison resistance

@: heroism, finesse
A: fangs 3, regeneration 2, magic shield, antimagic bite, no potion heal 3, rot
immunity
a: Heroism, Finesse, Renounce Religion


You were on level 4 of the Snake Pit.
You worshipped Okawaru.
Okawaru was exalted by your worship.
You were hungry.

You visited 4 branches of the dungeon, and saw 20 of its levels.
You visited the Abyss 1 time.
You visited 1 bazaar.

You collected 1630 gold pieces.
You spent 1602 gold pieces at shops.

Inventory:

Hand Weapons
 B - the +5 broad axe "Patyqube" (weapon) {speed, Dex+3}
   (Okawaru gifted it to you on level 4 of the Snake Pit)

   Attacks with this weapon are significantly faster.
   It affects your dexterity (+3).
 U - a +7 broad axe of draining
 V - the +7 hand axe of Prescription {freeze, Dex+3}
   (You found it on level 3 of the Lair of Beasts)

   It has been specially enchanted to freeze those struck by it, causing extra
   injury to most foes and up to half again as much damage against particularly
   susceptible opponents.
   It can also slow down cold-blooded creatures.
   It affects your dexterity (+3).
 Y - a +2 morningstar of protection
Armour
 g - a scarf of resistance (worn)
 h - the +8 chain mail of the Elephant (worn) {rF++ Str-3 Stlth+}
   (You bought it in a shop in a bazaar)

   It affects your strength (-3).
   It greatly protects you from fire.
   It makes you more stealthy.
 j - the +4 chain mail of the Salmon {MR+ Dex+3}
   (You bought it in a shop in a bazaar)

   It affects your dexterity (+3).
   It affects your resistance to hostile enchantments.
 r - a +2 pair of gloves of strength (worn)
 J - the +2 pair of boots of the Assassin (worn) {Detection Stab+ Stlth++}
   (Okawaru gifted it to you on level 2 of the Snake Pit)

   It makes you much more stealthy.
 K - a +2 hat of magic resistance (worn)
 W - a +0 large shield (worn)
Jewellery
 c - a ring of poison resistance (right hand)
 l - an amulet of faith (around neck)
 n - an uncursed ring of fire
 p - a +5 ring of evasion (left hand)
 H - an uncursed ring of positive energy
 N - an uncursed ring of see invisible
 X - an uncursed ring of stealth
Wands
 y - a wand of paralysis (2)
 C - a wand of disintegration (34)
 D - a wand of polymorph (13)
 I - a wand of acid (21)
 L - a wand of digging (10)
Scrolls
 m - 13 scrolls of remove curse
 q - 15 scrolls of teleportation
 u - a scroll of brand weapon
 v - 4 scrolls of fear
 x - 4 scrolls of blinking
 z - 6 scrolls of magic mapping
 G - a scroll of enchant armour
 M - 2 scrolls of holy word
 Q - 2 scrolls of fog
 S - 2 scrolls of summoning
 Z - a scroll of acquirement
Potions
 b - 2 potions of curing
 d - 2 potions of might
 e - 4 potions of magic
 k - 2 potions of mutation
 o - 2 potions of brilliance
 s - 5 potions of cancellation
 t - 3 potions of ambrosia
 w - 3 potions of haste
 A - 2 potions of resistance
 E - 3 potions of agility
 F - a potion of invisibility
 O - 2 potions of flight
 R - a potion of berserk rage
 T - 3 potions of lignification {unknown}
Miscellaneous
 i - a fan of gales
 P - a lamp of fire
Comestibles
 f - 35 rations


   Skills:
 + Level 12.0(17.0) Fighting
 + Level 16.3(21.4) Axes
 + Level 3.5(16.5) Maces & Flails
 + Level 0.6(5.6) Throwing
 + Level 10.0(15.0) Armour
 + Level 3.6(8.6) Dodging
 * Level 8.7(13.7) Stealth
 + Level 12.1(17.1) Shields
 + Level 8.9 Invocations
 + Level 1.1 Evocations


You had 16 spell levels left.
You didn't know any spells.
Your spell library contained the following spells:

 Spells                   Type           Power        Failure   Level  Hunger
 Animate Skeleton         Necr           N/A          99%         1    ##.....
 Apportation              Tloc           #.....       99%         1    ##.....
 Corona                   Hex            #......      99%         1    ##.....
 Magic Dart               Conj           #...         99%         1    ##.....
 Pain                     Necr           #...         99%         1    ##.....
 Shock                    Conj/Air       #...         99%         1    ##.....
 Summon Butterflies       Summ           #.......     99%         1    ##.....
 Summon Small Mammal      Summ           #...         99%         1    ##.....
 Blink                    Tloc           N/A          100%        2    ###....
 Call Imp                 Summ           #.......     100%        2    ###....
 Slow                     Hex            #.......     100%        2    ###....
 Swiftness                Chrm/Air       #.......     100%        2    ###....
 Call Canine Familiar     Summ           #.......     100%        3    ####...
 Conjure Flame            Conj/Fire      #.......     100%        3    ####...
 Ignite Poison            Fire/Tmut/Pois #.......     100%        3    ####...
 Inner Flame              Hex/Fire       #.......     100%        3    ####...
 Lesser Beckoning         Tloc           #.........   100%        3    ####...
 Mephitic Cloud           Conj/Pois/Air  #.......     100%        3    ####...
 Portal Projectile        Hex/Tloc       #.....       100%        3    ####...
 Regeneration             Chrm/Necr      #.........   100%        3    ####...
 Static Discharge         Conj/Air       #.......     100%        3    ####...
 Summon Guardian Golem    Hex/Summ       #.......     100%        3    ####...
 Tukima's Dance           Hex            #.......     100%        3    ####...
 Vampiric Draining        Necr           #.........   100%        3    ####...
 Airstrike                Air            #.........   100%        4    #####..
 Animate Dead             Necr           N/A          100%        4    #####..
 Cause Fear               Hex            #.........   100%        4    #####..
 Leda's Liquefaction      Hex/Erth       #.........   100%        4    #####..
 Summon Ice Beast         Ice/Summ       #.......     100%        4    #####..
 Summon Lightning Spire   Summ/Air       #.......     100%        4    #####..
 Alistair's Intoxication  Tmut/Pois      #.......     100%        5    ######.
 Fireball                 Conj/Fire      #.........   100%        5    ######.
 Lightning Bolt           Conj/Air       #.........   100%        5    ######.
 Bolt of Fire             Conj/Fire      #.........   100%        6    #######
 Invisibility             Hex            #.......     100%        6    #######
 Ring of Flames           Chrm/Fire      #.........   100%        7    #######
 Ignition                 Fire           #.........   100%        8    #######


Dungeon Overview and Level Annotations

Branches:
Dungeon (9/15)             Temple (1/1) D:5            Lair (6/6) D:9
  Swamp (0/4) Lair:3        Snake (4/4) Lair:4        Slime (0/5) Lair:6
    Orc: D:9-12

Altars:
Ashenzari
Cheibriados
Dithmenos
Elyvilon
Fedhas
Gozag
Hepliaklqana
Kikubaaqudgha
Makhleb
Nemelex Xobeh
Okawaru
Qazlal
Ru
Sif Muna
Trog
Uskayaw
Vehumet
Wu Jian
Xom
Yredelemnul
Zin
The Shining One

Shops:
Snake:2 *   Snake:3 :[!*

Annotations:
D:6 Lavandula's ghost, novice GrEE


Innate Abilities, Weirdness & Mutations

You have razor-sharp teeth.
You heal very quickly.
When hurt, damage is shared between your health and your magic reserves.
Your bite disrupts and absorbs the magic of your enemies.
Potions cannot restore your health.
You are immune to rotting.


Message History

a +0 spear; a cursed +0 robe Unknown command.
You slash the shock serpent! You bite the shock serpent! You drain its power.
You feel invigorated.
The shock serpent is heavily wounded.
The shock serpent's electric aura discharges, shocking you!
* * * LOW HITPOINT WARNING * * *
Your system rejects the healing.
You feel better.
The shock serpent shoots out a bolt of lightning at you!
The bolt of electricity hits you. You block the salamander's attack.
You slash the shock serpent! Your bite misses the shock serpent.
The shock serpent is severely wounded.
The shock serpent's electric aura discharges, shocking you!
* * * LOW HITPOINT WARNING * * *
You block the shock serpent's attack.
You slash the shock serpent!
You kill the shock serpent!
Okawaru accepts your kill.
The air sparks with electricity, shocking you!
You die...

##### ###....##
##.......
##.....# ##....#
##.)..## ##))#[##
##.@))## ##N.)###
######### ##..#N#
##....#.#.
##....##
##.#.......
#.....##
##..#.......
#......##
##...########
#...##...###.|.##
#... ##...##...#
#.. ##......##


You could see a nagaraja and a salamander.

Vanquished Creatures
  Asterion (Snake:4)
  Gastronok (D:9)
  14 nagarajas
  6 hydras
  An ice dragon (Lair:4)
  13 naga warriors
  A two-headed ogre (D:9)
  6 anacondas
  3 catoblepae (Lair:6)
  7 death yaks (Lair:6)
  Sonja (Lair:3)
  7 naga sharpshooters
  11 shock serpents
  3 wretched stars (Abyss:1)
  The ghost of Killmatronix the Fighter, a novice OgCK of Xom (D:5)
  A sixfirhy (Abyss:1)
  An unseen horror (D:6)
  2 salamander mystics
  4 naga ritualists
  9 mana vipers
  A stone giant zombie (Abyss:1)
  2 manticores (Lair:6)
  9 salamanders
  15 guardian serpents
  42 black mambas
  10 elephants
  Psyche (D:8)
  Joseph (D:9)
  An eye of devastation (Lair:6)
  3 smoke demons (Abyss:1)
  20 naga magi
  8 spiny frogs
  A rime drake (Lair:3)
  2 ancient zymes (Abyss:1)
  2 hellwings (Abyss:1)
  An efreet (Abyss:1)
  5 komodo dragons
  A polar bear (Lair:2)
  Prince Ribbit (D:9)
  15 blink frogs
  8 hippogriffs
  2 bog bodies (Lair:3)
  3 raiju (Abyss:1)
  11 dream sheep
  A spriggan (D:7)
  3 wyverns (Lair:2)
  36 yaks
  A ynoxinul (Abyss:1)
  Sigmund (D:3)
  3 large abominations (Abyss:1)
  3 basilisks
  A hungry ghost (D:9)
  Grum (D:8)
  3 golden eyes (Abyss:1)
  2 small abominations (Abyss:1)
  4 swamp worms (Lair:3)
  35 nagas
  14 water moccasins
  A sky beast (D:5)
  14 porcupines
  9 necrophages
  8 ogres
  2 ice beasts
  3 orc warriors
  4 centaurs
  An eye of draining (Lair:6)
  12 wolves
  17 crocodiles
  A big kobold (D:4)
  14 bullfrogs
  4 scorpions
  4 wights (D:7)
  3 howler monkeys
  2 electric eels
  2 bullfrog zombies
  4 starcursed masses (Abyss:1)
  5 crimson imps
  A quasit (D:7)
  A jelly (D:8)
  4 hounds
  4 orc priests
  Jessica (D:2)
  Terence (D:3)
  4 iguanas
  6 orc wizards
  3 worker ants
  2 hound skeletons
  A worker ant zombie (D:5)
  8 adders
  2 shadow imps
  2 white imps (Abyss:1)
  An ooze (D:1)
  2 adder zombies
  A worm (D:3)
  2 dart slugs
  6 leopard geckos
  22 orcs
  3 giant cockroaches
  7 hobgoblins
  11 jackals
  6 quokkas
  4 ball pythons
  8 bats
  A frilled lizard (D:5)
  4 goblins
  A jackal zombie (D:8)
  23 kobolds
  A leopard gecko zombie (D:8)
  3 rats
  A bush (D:8)
  5 fungi
  11 plants
639 creatures vanquished.

Vanquished Creatures (others)
  A naga sharpshooter (Snake:3)
  A large abomination (Abyss:1)
  A guardian serpent (Snake:4)
  A naga (Snake:4)
  3 small abominations (Abyss:1)
  A black mamba simulacrum (Abyss:1)
  A sky beast (Abyss:1)
  17 fungi
  10 plants
  3 withered plants (D:6)
39 creatures vanquished.

Grand Total: 678 creatures vanquished

Notes
Turn   | Place    | Note
-------+----------+-------------------------------------------
     0 | D:1      | Kairos the Vine Stalker Fighter began the quest for the
                  | Orb.
     0 | D:1      | Reached XP level 1. HP: 11/11 MP: 2/2
    44 | D:1      | Reached XP level 2. HP: 13/16 MP: 3/3
   285 | D:1      | Reached XP level 3. HP: 18/19 MP: 4/4
   330 | D:1      | Reached skill level 2 in Axes
  1201 | D:2      | Noticed Jessica
  1207 | D:2      | Killed Jessica
  1207 | D:2      | Gained mutation: Your natural rate of healing is unusually
                  | fast. [Vine Stalker growth]
  1207 | D:2      | Reached XP level 4. HP: 10/23 MP: 2/5
  1905 | D:3      | Noticed Sigmund
  1912 | D:3      | Reached XP level 5. HP: 27/28 MP: 6/6
  1927 | D:3      | Killed Sigmund
  1927 | D:3      | Reached skill level 3 in Axes
  1927 | D:3      | Reached XP level 6. HP: 9/32 MP: 2/7
  2280 | D:3      | Noticed Terence
  2286 | D:3      | Killed Terence
  2369 | D:3      | Reached skill level 4 in Axes
  2737 | D:4      | Found a shattered altar of Ashenzari.
  2868 | D:4      | Found a shadowy altar of Dithmenos.
  2936 | D:4      | Reached XP level 7. HP: 34/36 MP: 6/8
  3396 | D:5      | Entered Level 5 of the Dungeon
  3396 | D:5      | Noticed a +0 hand axe
  3396 | D:5      | Noticed a +0 hand axe
  3411 | D:5      | Reached skill level 5 in Axes
  3774 | D:5      | Found a bloodstained altar of Trog.
  3939 | D:4      | Gained mutation: You have razor-sharp teeth. [Vine Stalker
                  | growth]
  3939 | D:4      | Reached XP level 8. HP: 42/42 MP: 9/9
  3962 | D:5      | Found a glowing golden altar of the Shining One.
  4082 | D:5      | Found a staircase to the Ecumenical Temple.
  4087 | Temple   | Entered the Ecumenical Temple
  4096 | Temple   | Became a worshipper of Warmaster Okawaru
  4205 | D:5      | Found an ornate altar of the Wu Jian Council.
  4253 | D:5      | Reached skill level 5 in Shields
  4258 | D:5      | Reached skill level 6 in Axes
  4759 | D:5      | Found a hide-covered altar of Uskayaw.
  4770 | D:5      | Reached * piety under Okawaru
  5188 | D:6      | Reached skill level 1 in Stealth
  5213 | D:6      | Found a stormy altar of Qazlal.
  5221 | D:6      | Reached XP level 9. HP: 32/46 MP: 7/10
  5223 | D:6      | Reached skill level 7 in Axes
  5319 | D:6      | Found a runed translucent gate.
  5319 | D:6      | Found a runed translucent gate.
  5321 | D:6      | Found a runed translucent gate.
  5323 | D:6      | Noticed Killmatronix's ghost (novice OgCK)
  5323 | D:6      | Noticed Lavandula's ghost (novice GrEE)
  5343 | D:6      | Noticed a cyan ugly thing
  5411 | D:6      | Reached skill level 5 in Armour
  5426 | D:6      | Reached ** piety under Okawaru
  5496 | D:6      | Killed an unseen horror
  5496 | D:6      | Reached skill level 5 in Fighting
  5716 | D:6      | Found a sparkling altar of Nemelex Xobeh.
  5905 | D:5      | Killed Killmatronix's ghost
  5905 | D:5      | Reached *** piety under Okawaru
  5905 | D:5      | Reached skill level 8 in Axes
  6266 | D:7      | Found a radiant altar of Vehumet.
  6537 | D:7      | Reached XP level 10. HP: 48/51 MP: 8/11
  6986 | D:8      | Noticed Psyche
  6999 | D:8      | Killed Psyche
  7106 | D:8      | Noticed Grum
  7130 | D:8      | Reached skill level 9 in Axes
  7140 | D:8      | Killed Grum
  7149 | D:8      | Reached **** piety under Okawaru
  7149 | D:8      | Received a gift from Okawaru
  7355 | D:8      | Found a blossoming altar of Fedhas.
  8090 | D:9      | Noticed a two-headed ogre
  8131 | D:9      | Noticed Gastronok
  8160 | D:9      | Killed Gastronok
  8160 | D:9      | Reached skill level 10 in Axes
  8160 | D:9      | Reached skill level 1 in Dodging
  8160 | D:9      | Reached XP level 11. HP: 38/58 MP: 12/12
  8335 | D:9      | Noticed Joseph
  8351 | D:9      | Killed Joseph
  8442 | D:9      | Noticed Prince Ribbit
  8456 | D:9      | Killed Prince Ribbit
  8681 | D:9      | Identified the +10 dire flail of Egijaz {crush, rF+ MR+
                  | SInv}
  8786 | D:9      | Received a gift from Okawaru
  8816 | D:9      | Killed a two-headed ogre
  9039 | D:9      | Found a staircase to the Lair.
  9244 | Lair:1   | Entered Level 1 of the Lair of Beasts
  9303 | Lair:1   | Reached ***** piety under Okawaru
  9349 | Lair:1   | Noticed a five-headed hydra
  9380 | Lair:1   | Reached skill level 11 in Axes
  9565 | Lair:1   | Received a gift from Okawaru
 10010 | Lair:1   | Gained mutation: You heal very quickly. [Vine Stalker
                  | growth]
 10010 | Lair:1   | Reached XP level 12. HP: 63/63 MP: 13/13
 10262 | Lair:1   | Killed a five-headed hydra
 10510 | Lair:2   | Reached skill level 1 in Maces & Flails
 10768 | Lair:2   | Reached skill level 1 in Invocations
 11073 | Lair:2   | Received a gift from Okawaru
 11378 | Lair:2   | Reached skill level 12 in Axes
 11525 | Lair:3   | Noticed Sonja
 11534 | Lair:3   | Cast into level 1 of the Abyss (Sonja)
 11631 | Abyss:1  | Noticed a wretched star
 11636 | Abyss:1  | Killed a wretched star
 11791 | Abyss:1  | Received a gift from Okawaru
 11836 | Abyss:1  | Reached XP level 13. HP: 30/70 MP: 13/15
 12143 | Abyss:1  | Noticed a starcursed mass
 12167 | Abyss:1  | Paralysed by accursed screaming for 1 turns
 12176 | Abyss:1  | Killed a starcursed mass
 12180 | Lair:3   | Escaped the Abyss
 12184 | Lair:3   | Killed Sonja
 12266 | Lair:3   | Reached skill level 13 in Axes
 12320 | Lair:3   | Reached skill level 1 in Evocations
 12631 | Lair:3   | Got an iridescent hand axe
 12632 | Lair:3   | Identified the +7 hand axe of Prescription {freeze, Dex+3}
                  | (You found it on level 3 of the Lair of Beasts)
 12847 | Lair:3   | Found a staircase to the Swamp.
 13212 | Lair:4   | Received a gift from Okawaru
 13218 | Lair:4   | Found a staircase to the Snake Pit.
 13238 | Lair:4   | Reached skill level 5 in Invocations
 13537 | Lair:4   | You fall through a shaft!
 13576 | Lair:5   | Received a gift from Okawaru
 13980 | Lair:4   | Noticed an ice dragon
 14001 | Lair:4   | Reached XP level 14. HP: 63/76 MP: 19/19
 14688 | Lair:5   | Reached skill level 10 in Fighting
 15084 | Lair:5   | Reached ****** piety under Okawaru
 15227 | Lair:4   | Received a gift from Okawaru
 15230 | Lair:4   | Got a steaming ring mail {god gift}
 15241 | Lair:4   | Identified the +1 ring mail "Eciv" {+Blink} (Okawaru gifted
                  | it to you on level 4 of the Lair of Beasts)
 15615 | Lair:6   | Entered Level 6 of the Lair of Beasts
 15662 | Lair:6   | Found a staircase to the Slime Pits.
 15943 | Lair:6   | Reached skill level 14 in Axes
 16214 | Lair:6   | Reached skill level 10 in Shields
 16957 | Snake:1  | Entered Level 1 of the Snake Pit
 17014 | Snake:1  | Reached XP level 15. HP: 81/81 MP: 21/21
 17055 | Snake:1  | HP: 4/81 [shock serpent (9)]
 17247 | Snake:1  | Received a gift from Okawaru
 18288 | Snake:2  | Noticed a nagaraja
 18305 | Snake:2  | Killed a nagaraja
 18509 | Snake:2  | Received a gift from Okawaru
 18510 | Snake:2  | Found the +2 pair of boots of the Assassin {Detection Stab+
                  | Stlth++}
 18633 | Snake:2  | Found Kuti's Assorted Antiques.
 18702 | Snake:2  | Reached skill level 15 in Axes
 19257 | Snake:2  | Reached XP level 16. HP: 84/87 MP: 23/23
 19423 | Snake:2  | Received a gift from Okawaru
 19532 | Snake:2  | Reached skill level 5 in Stealth
 19748 | Snake:3  | Found Heukkidu's Assorted Antiques.
 19772 | Snake:3  | Bought a ring of evasion for 70 gold pieces
 19888 | Snake:3  | Found Voji's Armour Boutique.
 19946 | Snake:3  | Found Asicimas's Distillery.
 19968 | Snake:3  | Found Gefeext's Book Emporium.
 20014 | Snake:3  | Bought a potion of invisibility for 128 gold pieces
 20060 | Snake:3  | Received a gift from Okawaru
 20081 | Snake:3  | Found a flickering gateway to a bazaar.
 20097 | Bazaar   | Entered a bazaar
 20097 | Bazaar   | Found Raiteh's General Store.
 20097 | Bazaar   | Found Coloaneo's Magic Scroll Shop.
 20130 | Bazaar   | Found Gofo's Gadget Boutique.
 20138 | Bazaar   | Found Asismot's Antique Weapon Boutique.
 20150 | Bazaar   | Found Lagg's Antique Armour Emporium.
 20187 | Bazaar   | Bought a fine chain mail for 228 gold pieces
 20197 | Bazaar   | Identified the +8 chain mail of the Elephant {rF++ Str-3
                  | Stlth+} (You bought it in a shop in a bazaar)
 20197 | Bazaar   | Bought a pitted chain mail for 228 gold pieces
 20207 | Bazaar   | Identified the +4 chain mail of the Salmon {MR+ Dex+3} (You
                  | bought it in a shop in a bazaar)
 20230 | Bazaar   | Bought a scroll of enchant weapon for 90 gold pieces
 20280 | Bazaar   | Bought a pair of runed gloves for 180 gold pieces
 20305 | Bazaar   | Bought a scroll of holy word for 82 gold pieces
 20305 | Bazaar   | Bought a scroll of fog for 22 gold pieces
 20305 | Bazaar   | Bought a scroll of brand weapon for 220 gold pieces
 20305 | Bazaar   | Bought a scroll of fear for 38 gold pieces
 20305 | Bazaar   | Bought a scroll of enchant armour for 82 gold pieces
 20305 | Bazaar   | Bought a scroll of fear for 38 gold pieces
 20401 | Bazaar   | Bought a scroll of magic mapping for 38 gold pieces
 20401 | Bazaar   | Bought a scroll of teleportation for 33 gold pieces
 20401 | Bazaar   | Bought a scroll of identify for 22 gold pieces
 20433 | Bazaar   | Bought a scroll of remove curse for 33 gold pieces
 21397 | Snake:3  | Bought a scroll labeled SIRAAN YFISAW for 35 gold pieces
 21397 | Snake:3  | Bought a scroll labeled GAUMEV VOSOCVA for 35 gold pieces
 21413 | Snake:4  | Entered Level 4 of the Snake Pit
 21457 | Snake:4  | Noticed a nagaraja
 21457 | Snake:4  | Noticed a nagaraja
 21457 | Snake:4  | Noticed a nagaraja
 21457 | Snake:4  | Noticed a nagaraja
 21515 | Snake:4  | Killed a nagaraja
 21518 | Snake:4  | Killed a nagaraja
 21521 | Snake:4  | Killed a nagaraja
 21537 | Snake:4  | Killed a nagaraja
 21544 | Snake:4  | Noticed a nagaraja
 21552 | Snake:4  | Killed a nagaraja
 21556 | Snake:4  | Received a gift from Okawaru
 21565 | Snake:4  | Got a smoking broad axe {god gift}
 21583 | Snake:3  | Identified the +5 broad axe "Patyqube" {speed, Dex+3}
                  | (Okawaru gifted it to you on level 4 of the Snake Pit)
 21812 | Snake:4  | Noticed a nagaraja
 21879 | Snake:4  | Reached skill level 16 in Axes
 21910 | Snake:4  | Noticed Asterion
 21931 | Snake:4  | Killed Asterion
 22045 | Snake:4  | Reached skill level 10 in Armour
 22073 | Snake:4  | Received a gift from Okawaru
 22090 | Snake:4  | Noticed a nagaraja
 22091 | Snake:4  | Noticed a nagaraja
 22098 | Snake:4  | Noticed a nagaraja
 22107 | Snake:4  | Noticed a nagaraja
 22108 | Snake:4  | Killed a nagaraja
 22108 | Snake:4  | Reached XP level 17. HP: 85/93 MP: 24/24
 22158 | Snake:4  | HP: 2/93 [shock serpent/electric aura (4)]
 22159 | Snake:4  | Killed from afar by a shock serpent

Skill      XL: |  1  2  3  4  5  6  7  8  9 10 11 12 13 14 15 16 17 |
---------------+----------------------------------------------------+-----
Shields        | 3 4 5 6 7 8 9 10 11 12 | 12.1
Axes           | 2 3 4 5 6 8 10 11 12 13 14 15 16 | 16.3
Armour         | 3 4 6 7 8 9 10 | 10.0
Fighting       | 3 4 5 6 7 9 10 11 12 | 12.0
Stealth        | 1 2 4 7 8 |  8.7
Dodging        | 1 2 3 |  3.6
Maces & Flails | 2 3 |  3.5
Invocations    | 1 5 7 8 |  8.9
Evocations     | 1 |  1.1
Throwing       | |  0.6

Action                   |  1- 3 |  4- 6 |  7- 9 | 10-12 | 13-15 | 16-18 || total
-------------------------+-------+-------+-------+-------+-------+-------++-------
Melee: War axe           |    77 |   116 |    78 |       |       |       ||   271
       Bite              |    22 |    33 |   158 |   274 |   345 |   134 ||   966
       Hand axe          |       |       |   354 |   623 |       |       ||   977
       Broad axe         |       |       |       |    93 |   822 |   308 ||  1223
       Dire flail        |       |       |       |     4 |    59 |       ||    63
Throw: Javelin           |       |       |       |       |     8 |       ||     8
Invok: Heroism           |       |       |     3 |    13 |    23 |    10 ||    49
       Finesse           |       |       |       |       |     9 |     2 ||    11
Evoke: Wand              |       |       |     1 |     7 |     4 |     1 ||    13
  Use: Scroll            |       |     6 |     8 |    12 |    12 |     6 ||    44
       Potion            |       |       |     1 |     1 |       |     1 ||     3
 Stab: Sleeping          |       |       |       |       |       |     5 ||     5
       Distracted        |       |       |       |       |       |     1 ||     1
  Eat: Ration            |       |     1 |     1 |     5 |     2 |     3 ||    12
       Chunk             |       |     3 |     8 |     8 |    11 |       ||    30
Armor: Scale mail        |    23 |       |       |       |       |       ||    23
       Plate armour      |    36 |    82 |   182 |   219 |       |       ||   519
       Chain mail        |       |       |       |     2 |   296 |    82 ||   380
Dodge: Dodged            |    20 |    13 |    51 |   156 |   265 |   100 ||   605
Block: Shield            |    52 |    48 |   153 |   288 |    95 |       ||   636
       Large shield      |       |       |       |       |   553 |   311 ||   864
